Cogmind - Beta 15 @@@ ROGUE MODE // 2025.06.30 @ 19:09:49 Player: mix Result: Destroyed by KX-DDK(R) with Subdweller Laser Performance ------------- Evolutions (0) 0 Regions Visited (2) 400 Robots Destroyed (23) 115 Value Destroyed (433) 433 Prototype IDs (2) 40 Alien Tech Used (0) 0 Bonus (0) 0 TOTAL SCORE: 988 Bonus ------- None Cogmind --------- Core Integrity 0/250 Matter 300/300 Energy 250/250 System Corruption 0% Temperature Cool (6) Movement Rolling (110) Ox2 Location -10/Subcaves Parts ------- > --- POWER (1) -------- Ion Engine > --- PROPULSION (2) --- Wheel > --- UTILITY (2) ------ Large Storage Unit Seismic Detector > --- WEAPON (2) ------- Small Laser Small Laser > --- INVENTORY (15) --- Ion Engine Wheel Wheel Heat Sink EM Pulse Gun Mining Laser Peak State ------------ > --- POWER ------------ Light Ion Engine > --- PROPULSION ------- Compact Wheel > --- UTILITY ---------- Improved Heat Sink Seismic Detector > --- WEAPON ----------- EM Pulse Gun Small Laser > --- INVENTORY -------- Medium Laser Small Laser [Rating: 8] Favorites ----------- Power Light Ion Engine Engine Light Ion Engine Propulsion Wheel Wheel Wheel Utility Seismic Detector Device Seismic Detector Storage Large Storage Unit Weapon Small Laser Energy Gun Small Laser Energy Cannon Beam Cannon Build | -11 -10 -10 ------- Run | Yrd Mat Sub Slots Evolved . | . . . Power . | . . . Propulsion . | . . . Utility . | . . . Weapon . | . . . Parts Attached 20 | 5 13 2 Power 4 | 1 3 . Engine 4 | 1 3 . Core . | . . . Reactor . | . . . Propulsion 6 | 2 4 . Treads . | . . . Leg . | . . . Wheel 6 | 2 4 . Hover . | . . . Flight . | . . . Utility 4 | . 4 . Device 3 | . 3 . Storage 1 | . 1 . Processor . | . . . Hackware . | . . . Protection . | . . . Artifact . | . . . Weapon 6 | 2 2 2 Energy Gun 5 | 2 1 2 Energy Cannon 1 | . 1 . Ballistic Gun . | . . . Ballistic Cannon . | . . . Launcher . | . . . Special Weapon . | . . . Impact Weapon . | . . . Slashing Weapon . | . . . Piercing Weapon . | . . . Special Melee Weapon . | . . . Unidentified Prototypes . | . . . Parts Lost 11 | . 9 2 Power 3 | . 3 . Propulsion 4 | . 3 1 Utility 1 | . 1 . Weapon 3 | . 2 1 Highest Loss Streak 3 | . 3 2 To Critical Strikes . | . . . Average Backups 3 | . 2 7 Power . | . . 1 Propulsion . | . . 2 Utility . | . . 1 Weapon 2 | . 2 3 Tool/Special . | . . . Unused Backups 3 | . . 3 Power 1 | . . 1 Propulsion 1 | . . 1 Utility . | . . . Weapon 1 | . . 1 Tool/Special . | . . . Average Slot Usage (%) 75 | . 73 85 Engine 12 | . 12 14 Wheel 19 | . 18 26 Device 14 | . 14 14 Storage 2 | . . 14 Energy Gun 20 | . 21 15 Energy Cannon 4 | . 5 . Peak Build Rating 8 | 5 8 7 Average Rating 5 | 3 5 6 On Entrance 3 | . 5 6 Naked Turns . | . . . Heaviest Build 28 | 7 27 28 Greatest Support 20 | 20 20 20 Greatest Overweight (x) 2 | . 2 2 Average Overweight (x) . | . . 1 Largest Inventory Capacity 15 | 5 15 15 Average Capacity 6 | 5 5 15 Most Carried 8 | 2 8 8 Average Carried 3 | . 2 7 Final Capacity 15 | 5 15 15 Final Carried 8 | 1 8 6 Class Distribution -------------------- 80% | Mutant 19% | Scavenger-Mutant Dominant Class ---------------- Mutant | -10/Materials Mutant | -10/Subcaves Resources | -11 -10 -10 ----------- Run | Yrd Mat Sub Matter Collected 435 | 250 165 20 Remotely . | . . . Salvage Created 652 | 50 572 30 Parts 39 | 2 36 1 Haulers Intercepted 1 | . 1 . Recyclers Shooed . | . . . Parts Field Recycled . | . . . Retrieved Matter . | . . . Parts Self-Destructed 7 | . . 7 Prevented . | . . . Kills | -11 -10 -10 ------- Run | Yrd Mat Sub Combat Hostiles Destroyed 17 | 1 15 1 Guns 14 | 1 12 1 Cannons 3 | . 3 . Classes Destroyed 7 | 1 5 1 Worker 2 | . 2 . Hauler 1 | . 1 . Recycler 1 | . 1 . Watcher 2 | . 2 . Swarmer 9 | . 9 . Grunt 7 | 1 6 . Subdweller 1 | . . 1 Best Kill Streak 5 | 1 5 1 Combat Bots Only 3 | 1 3 1 Max Kills in Single Turn 2 | 1 2 1 Gunslinging . | . . . Exploded . | . . . Melee . | . . . Uniques/NPCs Destroyed . | . . . Combat | -11 -10 -10 -------- Run | Yrd Mat Sub Hostile Shots Fired 121 | 6 102 13 Missed 37 | 5 29 3 Hits 84 | 1 73 10 Projectile 84 | 1 73 10 Critical Strikes 1 | . . 1 Damage Taken 905 | 10 691 204 Core 261 | . 184 77 Absorbed by Shields . | . . . Core Remaining (%) 100 | 100 . . Volleys Fired 106 | 4 93 9 Largest 2 | 2 2 2 Hottest 110 | 90 110 80 Shots Fired 168 | 8 143 17 Gun 139 | 8 114 17 Cannon 29 | . 29 . Launcher . | . . . Special . | . . . Kinetic . | . . . Thermal 124 | 4 103 17 Explosive . | . . . Electromagnetic 44 | 4 40 . Robot Hit Streak 12 | 5 8 12 Robot Miss Streak 5 | 1 5 1 Penetration Max . | . . . Secondary Targets 1 | . 1 . Max Gunslinging Chain 1 | . 1 . Shots Hit Robots 85 | 6 63 16 Core Hits 36 | 2 29 5 Critical Kills . | . . . Critical Parts Destroyed . | . . . Critical Strikes 3 | . 3 . Burn 3 | . 3 . Melee Attacks . | . . . Impact . | . . . Slashing . | . . . Piercing . | . . . Sneak Attacks . | . . . Combat Hostiles . | . . . Follow-up Attacks . | . . . Damage Inflicted 1169 | 82 907 180 Guns 997 | 82 735 180 Cannons 172 | . 172 . Explosions . | . . . Melee . | . . . Ramming . | . . . Kinetic . | . . . Thermal 987 | 25 782 180 Explosive . | . . . Electromagnetic 182 | 57 125 . Impact . | . . . Slashing . | . . . Piercing . | . . . Highest Corruption . | . . . Average Corruption . | . . . Corruption Purged . | . . . Corruption Blocked . | . . . Overload Shots . | . . . Overflow Damage . | . . . Projectiles . | . . . Explosions . | . . . Melee . | . . . Knockbacks . | . . . Impact . | . . . Kinetic . | . . . Secondary . | . . . Self-Inflicted Damage . | . . . Shots . | . . . Rammed . | . . . Targets Rammed . | . . . Kicked . | . . . Crushed . | . . . Highest Temperature 363 | 126 363 . Average Temperature 147 | 63 154 . Received Heat Transfer 222 | 6 192 24 Effects 3 | . 3 . Interference 3 | . 3 . Siege Activations . | . . . Martial Activations . | . . . Shielding Activations . | . . . Robots Disrupted . | . . . Combat Hostiles . | . . . Robots Corrupted . | . . . Combat Hostiles . | . . . Parts Fried 1 | 1 . . Impact Corruptions . | . . . Robots Melted . | . . . Combat Hostiles . | . . . Parts Melted 5 | . 5 . Heat Transferred 2724 | 74 2250 400 Parts Sabotaged . | . . . Parts Stolen . | . . . Parts Stripped . | . . . Power Chain Reactions . | . . . Alert | -11 -10 -10 ------- Run | Yrd Mat Sub Maximum Alert Level . | . . . Low Security (%) 100 | 100 100 . Level 1 . | . . . Level 2 . | . . . Level 3 . | . . . Level 4 . | . . . Level 5 . | . . . High Security . | . . . Max Security . | . . . Peak Influence 142 | 20 142 . Initial 6 | . 6 . Average 49 | 1 53 . Influence Increases 632 | 20 582 30 Destroy 0b10 Robot/C 320 | 20 300 . Destroy 0b10 Robot/NC 30 | . 30 . Destroy Leader 66 | . 66 . Successful Hack 21 | . 21 . Disable Machine 15 | . 15 . Lose Combat Pursuer 180 | . 150 30 Influence Decreases 619 | 10 450 159 Entered New Map 73 | . 4 69 Time Decay 436 | 10 356 70 Lost Part 110 | . 90 20 Squads Dispatched 3 | . 3 . Investigation 3 | . 3 . Extermination . | . . . Reinforcement . | . . . Assault . | . . . Garrison . | . . . Intercept . | . . . Searches Triggered . | . . . Construction Impeded . | . . . Haulers Reinforced . | . . . Active Scanning Responses . | . . . Cargo Convoy Interrupts . | . . . Stealth | -11 -10 -10 --------- Run | Yrd Mat Sub Distress Signals 4 | . 4 . Communications Jammed . | . . . Distress Signals . | . . . Times Spotted 38 | 1 35 2 Peak Tracking Total 4 | 1 4 3 Tactical Retreats 5 | . 4 1 Traps | -11 -10 -10 ------- Run | Yrd Mat Sub Traps Triggered 1 | . 1 . Indirectly . | . . . Trap Hack Attempts . | . . . Triggered . | . . . Disarmed . | . . . Reprogrammed . | . . . Reused . | . . . Traps Extracted . | . . . Installed . | . . . Triggered . | . . . Machines | -11 -10 -10 ---------- Run | Yrd Mat Sub Machines Disabled 1 | . 1 . Max in Single Turn 1 | . 1 . Machines Repaired . | . . . Machines Dismantled . | . . . Machines Sabotaged . | . . . Overloaded Fab Kills . | . . . Hacking | -11 -10 -10 --------- Run | Yrd Mat Sub Machines Accessed 8 | . 8 . Terminals 6 | . 6 . Fabricators . | . . . Repair Stations . | . . . Recycling Units 2 | . 2 . Scanalyzers . | . . . Garrison Access . | . . . Total Hacks 22 | . 22 . Successful 12 | . 12 . Failed 10 | . 10 . Catastrophic 1 | . 1 . Database Lockouts . | . . . Manual 16 | . 16 . Terminals 20 | . 20 . Fabricators . | . . . Repair Stations . | . . . Recycling Units 2 | . 2 . Scanalyzers . | . . . Garrison Access . | . . . Terminal Hacks 3 | . 3 . Prototype ID Bank 1 | . 1 . Branch Access Points 1 | . 1 . Dispatch Records 1 | . 1 . Fabricator Hacks . | . . . Repair Station Hacks . | . . . Recycling Unit Hacks . | . . . Scanalyzer . | . . . Garrison Access Hacks . | . . . Unauthorized Hacks 9 | . 9 . Terminals 7 | . 7 . Assimilate 1 | . 1 . Botnet 5 | . 5 . Operators 1 | . 1 . Fabricators . | . . . Repair Stations . | . . . Recycling Units 2 | . 2 . Reject 2 | . 2 . Scanalyzers . | . . . Garrison Access . | . . . Data Cores Recovered . | . . . Used . | . . . Hacking Detections 4 | . 4 . Full Trace Events 2 | . 2 . Feedback Events . | . . . Feedback Blocked . | . . . Robot Schematics Acquired . | . . . Robots Built . | . . . Authchips . | . . . Time . | . . . Total Robot Build Rating . | . . . Part Schematics Acquired . | . . . Parts Built . | . . . Authchips . | . . . Time . | . . . Total Part Build Rating . | . . . Parts Repaired . | . . . Time . | . . . Parts Recycled . | . . . Recycled Matter . | . . . Retrieved Matter . | . . . Retrieved Components . | . . . Parts Scanalyzed . | . . . Part Schematics Acquired . | . . . Parts Damaged . | . . . Bothacking | -11 -10 -10 ------------ Run | Yrd Mat Sub Used RIF Installer . | . . . Robots Hacked . | . . . Non-combat . | . . . Combat . | . . . Robot Hacks Applied . | . . . Relay Couplers Released . | . . . Fabnet Peak Effective % . | . . . Robots Rewired . | . . . Allies Hacked . | . . . Hacks Repelled . | . . . Allies | -11 -10 -10 -------- Run | Yrd Mat Sub Total Allies . | . . . Largest Group . | . . . Highest-Rated Group . | . . . Highest-Rated Ally . | . . . Total Orders . | . . . Ally Attacks . | . . . Total Damage . | . . . Kills . | . . . Allies Corrupted . | . . . Allies Melted . | . . . Intel | -11 -10 -10 ------- Run | Yrd Mat Sub Active Infowar (turns) 463 | . 447 16 Seismic 463 | . 447 16 Robot Analysis Total . | . . . Derelict Logs Recovered 1 | . . 1 Drone Launches . | . . . Drone Recoveries . | . . . Exploration | -11 -10 -10 ------------- Run | Yrd Mat Sub Turns Passed 1218 | 69 990 159 Spaces Moved 876 | 64 743 69 Core 22 | 18 4 . Treads . | . . . Legs . | . . . Wheels 854 | 46 739 69 Hover . | . . . Flight . | . . . Fastest Speed 50 | 50 80 95 Average Speed 88 | 71 89 95 Slowest Speed 150 | 80 150 110 Overloaded Moves . | . . . Propulsion Burnouts . | . . . Robots Hopped . | . . . Potential Cave-ins . | . . . Cave-ins Triggered . | . . . Exploration Rate (%) 31 | 7 83 3 Regions Visited 2 Branch Regions 1 Pre-discovered Areas . | . . . Known Exits Taken . | . . . Unknown Exits Taken 2 | 1 1 . Scrap Searched . | . . . Spaces Dug . | . . . Terrain Destroyed . | . . . Melee . | . . . Projectile . | . . . AOE . | . . . Terrain Rammed . | . . . Walls Destroyed . | . . . Machines Disabled . | . . . Actions | -11 -10 -10 --------- Run | Yrd Mat Sub Total 1142 | 78 919 145 Wait 111 | . 47 64 Move 874 | 63 742 69 Hop . | . . . Pick Up 24 | 6 18 . Fast Attach . | . . . Attach 17 | 5 10 2 Detach . | . . . Swap 9 | . 8 1 Drop 1 | . 1 . Fire 106 | 4 93 9 Melee . | . . . Ram . | . . . Kick . | . . . Crush . | . . . Escape Stasis . | . . . Rewire . | . . . Trap . | . . . Miscellaneous . | . . . Route ------- -11/Scrapyard -10/Materials (discovered 6 exits: [*Mat x3] / *Min x2 / [*Sub]) -10/Subcaves History --------- Turn | Location | Event 2 | -11/Scrapyard | Met Revision 17 45 | -11/Scrapyard | Discovered new exit (range 8) 70 | -11/Scrapyard | Entered Materials 224 | -10/Materials | Discovered new exit (range 3) 306 | -10/Materials | Build established: Mutant 322 | -10/Materials | Lost 3 parts (1p2n) 450 | -10/Materials | Discovered new exit (range 14) 570 | -10/Materials | Derelicts attacked the area 626 | -10/Materials | Core integrity fell below 50% 643 | -10/Materials | Discovered new exit (range 4) 652 | -10/Materials | Discovered new exit (range 16) 679 | -10/Materials | Identified exit to Mines 950 | -10/Materials | Discovered new exit (range 9) 1051 | -10/Materials | Discovered new exit (range 10) 1060 | -10/Materials | Entered Subcaves 1061 | -10/Subcaves | Approached by a straggling Scientist 1061 | -10/Subcaves | Learned 2 Materials zone layouts 1131 | -10/Subcaves | A swath of the cavern ceiling suddenly collapsed 1188 | -10/Subcaves | Core integrity fell below 20% 1219 | -10/Subcaves | Destroyed by KX-DDK(R) with Subdweller Laser Last Messages --------------- beginning to lose hope I'd never make it past all the Subs lurking out here." 01061_ Acquired derelict log, extracted data. Data stored: Materials zone layouts (x2). 01064_ VK-J0H(c): "Hey, let me tag along and I can get us both out of this nasty situation. At least I think I can... The group I got separated from was talking about a shortcut back to the UFD." VK-J0H(c): "I think it's somewhere southwest of here" 01131_ TZ-PL6(R) crushed by falling debris. A swath of the cavern ceiling suddenly collapses. 01193_ Wheel destroyed. 01199_ Sml. Laser destroyed. 01199_ PO-3SE(R) destroyed. 01202_ Acquired 10 matter. 01208_ Subatomizers dissect the Sub. Monowheel. Map ----- +----------------------------------------------------+ | ?????????????????????????????????????????????????? | | ?????????????????????????????????????????????????? | | ?????????????????????????????????????????????????? | | ?????????????????????????????????????????????????? | | ?????????????????????????????????????????????????? | | ?????????????????????????????????????????????????? | | ?????????????????????????????????????????????????? | | ?????????????????????????????????????????????????? | | ?????????????????????????????????????????????????? | | ?????????????????????????????????????????????????? | | ???????????????????????????###???????????????????? | | ??????????????????????###??# ##??????????????????? | | ???????????????????#### #### #??????????????????? | | ??????????????????## ## #??????????????????? | | ?????????????????## #???????????????????? | | ?????????????????# #???????????????????? | | ?????????????????### # #???????????????????? | | ???????????????????## "#### ##??????????????????? | | ????????????????????###""######??????????????????? | | ??????????????????????##"""##"#??????????????????? | | ??????????######??????###"##""###????????????????? | | ?????????? #???###"#"#"""#????????????????? | | ????????? ???##""""""##???????????????? | | ???????????? # ###"""#"#"#???????????????? | | ??????????????????# " #;####"#"##???????????????? | | ??????????????????###""# @[#"#"####??????????????? | | ???????????????????#;;;;R=;;;;#" #??????????????? | | ???????????????????#;;######;### #??????????????? | | ???????????????????# # ?####;; #??????????????? | | ??????????????????# ????#"# ##??????????????? | | ??????????????????## ? ????# #???????????????? | | ???????????????????# ????? #??????????????? | | ???????????????????#?## ???? #?????????????? | | ??????????????????????#????? #?????????????? | | ??????????????????????????? ??????????????? | | ?????????????????????????? ## #?????????????? | | ????????????????????????? #?###?????????????? | | ?????????????????????????# #?????????????????? | | ?????????????????????????# ?????????????????? | | ?????????????????????????## ?????????????????? | | ??????????????????????????# ??????????????????? | | ???????????????????????????? #???????????????????? | | ?????????????????????????????????????????????????? | | ?????????????????????????????????????????????????? | | ?????????????????????????????????????????????????? | | ?????????????????????????????????????????????????? | | ?????????????????????????????????????????????????? | | ?????????????????????????????????????????????????? | | ?????????????????????????????????????????????????? | | ?????????????????????????????????????????????????? | +----------------------------------------------------+ Best States ------------- Heat Dissipation 39 Energy Generation 10 Energy Capacity 250 Matter Stores 300 Matter Capacity 300 Sight Range 16 Terrain Scan Density 10 Evasion (%) 50 Item Schematics ----------------- None Robot Schematics ------------------ None Fabricated ------------ Nothing Repaired ---------- Nothing Alien Tech Used ----------------- None Achievements -------------- None Challenges ------------ None Game ------ Seed SurveybotFactoryCharge Manual? 0 Play Time 00:19:00 Cumulative 79.1 hours Start 2025.06.30 @ 18:50:37 End 2025.06.30 @ 19:09:49 Sessions 1 Manual Loads 0 Difficulty Rogue Special Mode None Game No. 130 Rogue 116 Adventurer 14 Explorer 0 Win Type - Total 1 Types 1/0/0/0/0/0/0/0/0/0 Lore% 33 Gallery% 43 Achievement% 44 Wizard Run 0 Options --------- Layout 1 ASCII 0 Keyboard 0 Movement Mouse Keybinds 0 Fullscreen 1 Font 32/SmallcapsGlow Map View 25x20 Zoom Use 79% Tactical HUD 1 Map Filters NONE Filters NONE Steam 1 RUN: e8bcbef1-4e77-4ac2-a464-1174c1454848